 Dungeon Crawl Stone Soup version 0.28.0-43-g3370ac3207 (webtiles) character file.

Game seed: 16576052608621395374

3139 uselesstheremin the Grappler (level 9, -4/70 (85) HPs)
             Began as a Troll Berserker on Mar 3, 2022.
             Was a Priest of Trog.
             Slain by a wight
             ... wielding a +4 short sword
              (6 damage)
             ... on level 8 of the Dungeon.
             The game lasted 00:32:05 (5269 turns).

uselesstheremin the Grappler (Troll Berserker)      Turns: 5269, Time: 00:32:05

HP:   -4/70 (85)    AC: 10    Str: 31    XL:     9   Next: 61%
MP:   8/8           EV: 12    Int:  3    God:    Trog [***...]
Gold: 293           SH:  5    Dex: 19    Spells: 8/8 levels left

rFire   . . .      SeeInvis .     - Unarmed
rCold   . . .      Faith    .   (no shield)
rNeg    . . .      Spirit   .   g - +1 steam dragon scales
rPois   .          Reflect  +   (helmet restricted)
rElec   .          Harm     .   (no cloak)
rCorr   .          Rampage  .   (gloves unavailable)
Will    +++..                   (boots unavailable)
Stlth   +++.......              l - amulet of reflection
HPRegen 2.01/turn               c - ring of willpower
MPRegen 0.11/turn               m - +6 ring of dexterity

@: strong-willed, regenerating, heavily drained
A: large, unfitting armour, claws 3, regeneration 1, shaggy fur 1, tough skin 1,
antennae 1, iridescent scales 1, thin skeletal structure 1, agile 1
a: Renounce Religion, Berserk, Trog's Hand


You were on level 8 of the Dungeon.
You worshipped Trog.
Trog was most pleased with you.
You visited 2 branches of the dungeon, and saw 9 of its levels.

You collected 293 gold pieces.

Inventory:

Hand Weapons
 a - a +0 mace
Armour
 b - a +1 animal skin
 g - +1 steam dragon scales (worn)
 i - a +2 buckler
Jewellery
 c - a ring of willpower (left claw)
 k - an amulet of magic regeneration
 l - an amulet of reflection (around neck)
 m - a +6 ring of dexterity (right claw)
 q - a ring of positive energy
Wands
 r - a wand of flame (9)
 s - a wand of iceblast (11)
Scrolls
 h - 2 scrolls of immolation
 j - 2 scrolls of identify
 n - a scroll of fear
 o - 2 scrolls of teleportation
Potions
 d - a potion of invisibility
 e - a potion of curing
 f - 2 potions of lignification {unknown}
 p - a potion of haste {unknown}


   Skills:
 * Level 4.7 Fighting
 + Level 2.6 Maces & Flails
 + Level 4.5 Dodging
 + Level 2.0 Stealth
 + Level 1.7 Shields
 * Level 10.8 Unarmed Combat


You had 8 spell levels left.
You didn't know any spells.
Your spell library was empty.

Dungeon Overview and Level Annotations

Branches:
Dungeon (8/15)             Temple (1/1) D:4
   Lair: D:8-11

Altars:
Ashenzari
Cheibriados
Dithmenos
Elyvilon
Fedhas
Hepliaklqana
Kikubaaqudgha
Makhleb
Nemelex Xobeh
Qazlal
Ru
Uskayaw
Vehumet
Wu Jian
Xom
Yredelemnul
The Shining One
Lugonu


Innate Abilities, Weirdness & Mutations

You are too large for most types of armour.
You have claws for hands.
Your natural rate of healing is unusually fast.
You are covered in fur. (AC +1)
You have tough skin. (AC +1)
You have a pair of small antennae on your head.
You are partially covered in iridescent scales. (AC +2)
You have a somewhat thin skeletal structure. (Dex +2, Stealth+)
You are agile. (Dex +2)


Message History

You feel drained.
You mangle the wight!!
You destroy the wight!
Trog accepts your kill. You block the wight's attack.
The wight completely misses you.
The wight hits you with a +4 short sword of freezing!
You feel drained. The wight freezes you. You block the wight's attack.
Things that are here:
a +0 halberd; a +0 robe You scratch the wight but do no damage.
The wight hits you with a +4 short sword of freezing!
The wight freezes you.
The wight hits you with a +4 short sword!
* * * LOW HITPOINT WARNING * * *
You feel drained.
* * * LOW HITPOINT WARNING * * *
Your skin crawls.
You feel strong-willed.
You can no longer call in reinforcements.
The wight hits you but does no damage. You block the wight's attack.
You claw the wight!
The wight is severely damaged.
The wight hits you with a +4 short sword of freezing.
* * * LOW HITPOINT WARNING * * *
You feel drained.
* * * LOW HITPOINT WARNING * * *
The wight freezes you.
* * * LOW HITPOINT WARNING * * *
You closely miss the wight.
The wight is severely damaged.
The wight hits you with a +4 short sword.
* * * LOW HITPOINT WARNING * * *
You feel drained.
* * * LOW HITPOINT WARNING * * *
The wight hits you with a +4 short sword of freezing!
* * * LOW HITPOINT WARNING * * *
You feel drained. The wight freezes you.
* * * LOW HITPOINT WARNING * * *
The wight hits you with a +4 short sword.
You die...

##############
.............
#......#
###..z)z.# #
#....?@..# #.
#........#
#.####......#
...#......#
##.#.#$.....#
#.........###
#.#..#..###
#....#..#
.###.##..#######


You could see 2 wights.

Vanquished Creatures
  A two-headed ogre (D:8)
  A cyclops (D:6)
  A vampire (D:7)
  Sigmund (D:6)
  2 steam dragons (D:6)
  2 black bears
  An ogre (D:6)
  3 phantoms
  A centaur (D:7)
  Blork the orc (D:5)
  A kobold brigand (D:8)
  2 wyvern zombies
  3 scorpions
  5 wights
  A centaur skeleton (D:7)
  2 hounds
  An orc priest (D:6)
  2 bullfrog skeletons
  3 iguanas
  Terence (D:2)
  3 adders
  A shadow imp (D:5)
  A white imp (D:7)
  2 ufetubi (D:5)
  2 worms
  A dart slug (D:2)
  8 orcs
  6 endoplasms
  3 giant cockroaches
  8 goblins
  5 hobgoblins
  4 jackals (D:3)
  4 quokkas
  4 ball pythons
  2 bats
  4 frilled lizards
  10 kobolds
  6 rats
  A spectral hobgoblin (D:1)
110 creatures vanquished.

Vanquished Creatures (others)
  A quokka (D:5)
  2 demonic plants (Temple)
3 creatures vanquished.

Grand Total: 113 creatures vanquished

Notes
Turn   | Place    | Note
-------+----------+-------------------------------------------
     0 | D:1      | uselesstheremin the Troll Berserker began the quest for the
                  | Orb.
     0 | D:1      | Reached XP level 1. HP: 22/22 MP: 0/0
   172 | D:1      | Reached XP level 2. HP: 29/29 MP: 1/1
   353 | D:1      | Found a faded altar of an unknown god.
   805 | D:2      | Reached skill level 1 in Unarmed Combat
   942 | D:2      | Reached XP level 3. HP: 17/36 MP: 2/2
   944 | D:2      | Reached ** piety under Trog
  1284 | D:2      | Noticed Terence
  1290 | D:2      | Killed Terence
  1291 | D:2      | Reached skill level 2 in Unarmed Combat
  1427 | D:3      | Reached XP level 4. HP: 42/45 MP: 3/3
  1502 | D:3      | Found a hide-covered altar of Uskayaw.
  1650 | D:3      | Found an ancient bone altar of Kikubaaqudgha.
  1657 | D:3      | Noticed a scorpion
  1664 | D:3      | Killed a scorpion
  1665 | D:3      | Reached skill level 3 in Unarmed Combat
  1665 | D:3      | Reached XP level 5. HP: 35/53 MP: 4/4
  2095 | D:4      | Found a shimmering altar of Xom.
  2238 | D:4      | Reached *** piety under Trog
  2267 | D:4      | Gained mutation: You have a pair of small antennae on your
                  | head. [potion of mutation]
  2267 | D:4      | Gained mutation: You have a somewhat thin skeletal
                  | structure. (Dex +2, Stealth+) [potion of mutation]
  2267 | D:4      | Gained mutation: You are agile. (Dex +2) [potion of
                  | mutation]
  2267 | D:4      | Gained mutation: You are partially covered in iridescent
                  | scales. (AC +2) [potion of mutation]
  2362 | D:4      | Found a staircase to the Ecumenical Temple.
  2364 | D:4      | Noticed a phantom
  2374 | D:4      | Killed a phantom
  2375 | D:4      | Reached skill level 4 in Unarmed Combat
  2382 | Temple   | Entered the Ecumenical Temple
  2501 | D:4      | Reached XP level 6. HP: 61/61 MP: 5/5
  3033 | D:5      | Entered Level 5 of the Dungeon
  3046 | D:5      | Reached skill level 5 in Unarmed Combat
  3171 | D:5      | Noticed Blork the orc
  3183 | D:5      | Killed Blork the orc
  3184 | D:5      | Reached XP level 7. HP: 41/67 MP: 6/6
  3186 | D:5      | Reached skill level 6 in Unarmed Combat
  3335 | D:5      | Found a stormy altar of Qazlal.
  3439 | D:5      | Found a snail-covered altar of Cheibriados.
  3634 | D:6      | Noticed a steam dragon
  3644 | D:6      | Killed a steam dragon
  3645 | D:6      | Reached skill level 1 in Stealth
  3684 | D:6      | Found a radiant altar of Vehumet.
  3717 | D:6      | Reached skill level 7 in Unarmed Combat
  3760 | D:6      | Found a shadowy altar of Dithmenos.
  3828 | D:6      | Reached XP level 8. HP: 74/78 MP: 7/7
  3881 | D:6      | Noticed a cyclops
  3899 | D:6      | Killed a cyclops
  3900 | D:6      | Reached skill level 1 in Shields
  3900 | D:6      | Reached skill level 8 in Unarmed Combat
  4044 | D:6      | Found a burning altar of Makhleb.
  4155 | D:6      | Noticed Sigmund
  4161 | D:6      | Killed Sigmund
  4323 | D:6      | Reached skill level 9 in Unarmed Combat
  4569 | D:7      | Reached XP level 9. HP: 84/84 MP: 8/8
  5040 | D:7      | Reached skill level 10 in Unarmed Combat
  5153 | D:8      | Found a hazy altar of Hepliaklqana.
  5153 | D:8      | Noticed a two-headed ogre
  5170 | D:8      | Killed a two-headed ogre
  5188 | D:8      | Reached **** piety under Trog
  5269 | D:8      | HP: 2/70 [wight/+4 short sword of freezing (3)]
  5269 | D:8      | Slain by a wight

Illustrated notes

Levels and vault maps discovered:
D:1:      dpeg_arrival_rooms_with_view, layout_loops_cross,
          dreamdust_ecumenical_altar_drowned_temple
D:2:      layout_loops_ring, uniq_terence
D:3:      wander_river, layout_basic, mainiacjoe_overflow_24_doors,
          lemuel_round_altar
D:4:      layout_loops_ring, lemuel_doored_altar,
          minmay_temple_entry_drinking_statues, serial_rivers,
          chequers_serial_rivers_micro_b, chequers_serial_rivers_large_a,
          chequers_serial_rivers_small_3, chequers_serial_rivers_micro_d,
          chequers_serial_rivers_room_b
D:5:      layout_cave_pools, kennysheep_mini, mainiacjoe_overflow_brackets,
          uniq_blork_the_orc
D:6:      layout_cave_pods, general_overflow_altar,
          mainiacjoe_overflow_chevrons, nicolae_overflow_crystal_walls,
          minmay_misc_feat_encased, uniq_sigmund
D:7:      layout_basic
D:8:      layout_basic, mainiacjoe_overflow_six_doors_small, lair_entry_dummy,
          serial_shops, shop, enter_bailey_5
Temple:   corrupted_temple

Skill      XL: |  1  2  3  4  5  6  7  8  9 |
---------------+----------------------------+-----
Unarmed Combat | 1 2 3 4 5 7 9 10 | 10.8
Fighting       | 3 4 |  4.7
Dodging        | 3 4 |  4.5
Stealth        | 1 2 |  2.0
Shields        | 1 |  1.7
Maces & Flails | |  2.6

Action                   |  1- 3 |  4- 6 |  7- 9 || total
-------------------------+-------+-------+-------++-------
Melee: Unarmed           |    99 |    93 |   136 ||   328
       Punch             |     1 |     1 |    11 ||    13
Invok: Trog's Hand       |       |       |     1 ||     1
  Use: Potion            |       |     7 |       ||     7
       Scroll            |       |     3 |     4 ||     7
 Stab: Sleeping          |     2 |     1 |     3 ||     6
       Distracted        |       |       |     1 ||     1
Armor: Animal skin       |    39 |    20 |    15 ||    74
       Steam dragon scal |       |       |    35 ||    35
Dodge: Dodged            |    47 |    42 |    59 ||   148
Block: Other             |       |    13 |    33 ||    46
       Reflection        |       |     1 |     2 ||     3
